 Dungeon Crawl Stone Soup version 0.30-a0-862-g1aabd4f9c5 (webtiles) character file.

Game seed: 4050653436796659850

737 Ge0ff the Cutter (level 7, -10/62 HPs)
             Began as a Naga Fighter on Mar 9, 2023.
             Was a Follower of Uskayaw.
             Mangled by an orc
             ... wielding a +1 hand axe of electrocution
              (12 damage)
             ... on level 5 of the Dungeon.
             The game lasted 00:12:16 (4019 turns).

Ge0ff the Cutter (Naga Fighter)                     Turns: 4019, Time: 00:12:17

Health: -10/62     AC:  9    Str: 24    XL:     7   Next: 74%
Magic:  8/8        EV: 11    Int:  9    God:    Uskayaw [*.....]
Gold:   241        SH:  4    Dex: 12    Spells: 6/8 levels left

rFire   . . .      SeeInvis +    a - +2 short sword (venom)
rCold   . . .      Faith    .    c - +0 buckler
rNeg    . . .      Spirit   .    O - +0 chain mail
rPois   +          Reflect  .    P - +1 helmet
rElec   .          Rampage  .    (no cloak)
rCorr   .                        (no gloves)
Will    .....                    (no barding) Stlth
                                 (no amulet)
HPRegen 0.30/turn                U - +6 ring of strength
MPRegen 0.11/turn                J - +5 ring of evasion {=R}

@: very slow
A: AC +2, large, see invisible, deformed body, poison resistance, slowness 2,
spit poison 1, naga tail 1
a: Spit Poison, Renounce Religion, Stomp


You were on level 5 of the Dungeon.
You worshipped Uskayaw.
Uskayaw was noncommittal.
You visited 2 branches of the dungeon, and saw 8 of its levels.

You collected 241 gold pieces.

Inventory:

Hand Weapons
 a - a +2 short sword of venom (weapon)
 b - a +0 rapier
 w - a +1 dagger of speed
 L - a +3 short sword
Missiles
 g - a throwing net {=F}
 X - 2 atropa-tipped darts
Armour
 c - a +0 buckler (worn)
 N - a +0 scale mail
 O - a +0 chain mail (worn)
 P - a +1 helmet (worn)
Jewellery
 J - a +5 ring of evasion (right hand) {=R}
 U - a +6 ring of strength (left hand)
Wands
 j - a wand of quicksilver (12)
 r - a wand of roots (6)
Scrolls
 Q - a scroll of enchant armour
 S - a scroll of silence {unknown}
 T - 2 scrolls of teleportation
 Y - a scroll of enchant weapon
Potions
 H - 2 potions of curing {unknown}
 I - a potion of brilliance {unknown}
 K - 2 potions of attraction {unknown}
 M - 3 potions of might
 R - a potion of magic {unknown}
 W - 2 potions of heal wounds {!q}


   Skills:
 + Level 3.5 Fighting
 + Level 6.4 Short Blades
 - Level 3.0 Armour
 - Level 1.0 Dodging
 - Level 2.6 Shields
 - Level 1.0 Spellcasting
 - Level 1.0 Transmutations
 - Level 1.0 Earth Magic
 - Level 2.0 Invocations
 - Level 3.0 Evocations


You had 6 spell levels left.
You knew the following spells:

 Your Spells              Type           Power      Damage    Failure   Level
w - Passwall              Tmut/Erth      1%         N/A       98%         2

Your spell library contained the following spells:

 Spells                   Type           Power      Damage    Failure   Level
 Sandblast                Erth           4%         2d4       92%         1
 Kiss of Death            Conj/Necr      0%         2d5       98%         1
 Cigotuvi's Dreadful Rot  Necr/Pois/Air  0%         N/A       99%         2
 Ensorcelled Hibernation  Hex/Ice        0%         N/A       99%         2
 Confusing Touch          Hex            0%         N/A       100%        3
 Inner Flame              Hex/Fire       0%         N/A       100%        3
 Stone Arrow              Conj/Erth      2%         3d7       100%        3
 Swiftness                Air            0%         N/A       100%        3
 Dispel Undead            Necr           0%         3d6       100%        4
 Flame Wave               Conj/Fire      0%         2d4       100%        4
 Sticky Flame             Conj/Fire      0%         2d3       100%        4
 Death Channel            Necr           0%         N/A       100%        6


Dungeon Overview and Level Annotations

Branches:
Dungeon (7/15) Zot: 26758  Temple (1/1) D:4 Zot: 5967

Altars:
Elyvilon
Okawaru
Qazlal
Trog
Uskayaw
Wu Jian
The Shining One

Annotations:
D:5 5 exclusions
D:7 Maggie


Innate Abilities, Weirdness & Mutations

Your serpentine skin is tough. (AC +2)
You have supernaturally acute eyesight. (SInv)
Armour fits poorly on your strangely shaped body.
Your system is resistant to poisons. (rPois)
You cover ground very slowly.
You can spit poison.
You have a snake-like lower body.


Message History

The orc shouts!
An orc comes into view. It is wielding a +0 dagger.
An orc comes into view. It is wielding a +0 club.
You barely miss the orc. The orc barely misses you.
You closely miss the orc. You block the orc's attack.
You hit the orc.
The orc is poisoned.
The orc is moderately wounded.
You hit the orc.
The orc is heavily wounded.
The orc hits you with a +0 club.
You closely miss the orc.
The orc is heavily wounded.
The orc barely misses you.
You barely miss the orc.
The orc is severely wounded.
You closely miss the orc.
The orc is severely wounded.
The orc hits you with a +0 club.
You barely miss the orc.
The orc is severely wounded.
The orc barely misses you. You block the orc's attack.
You hit the orc.
You kill the orc!
The orc closely misses you. The orc barely misses you.
You hit the orc.
The orc is poisoned.
The orc is severely wounded.
You hit the orc.
The orc is almost dead.
The orc closely misses you.
The orc hits you with a +1 hand axe of electrocution.
You are electrocuted!!
The orc hits you but does no damage.
You are too injured to fight recklessly!
You are too injured to fight recklessly!
You are too injured to fight recklessly!
You hit the orc but do no damage.
The orc is poisoned.
You kill the orc!
You block the orc's attack. The orc closely misses you.
You hit the orc but do no damage.
The orc looks as sick as possible!
You hit the orc.
The orc is poisoned.
The orc is heavily wounded.
The orc hits you with a +1 hand axe of electrocution.
The orc closely misses you.
You hit the orc.
You kill the orc!
The orc hits you but does no damage.
You are electrocuted!!
* * * LOW HITPOINT WARNING * * *
The orc hits you with a +1 hand axe of electrocution.
* * * LOW HITPOINT WARNING * * *
You are electrocuted!
You die...

..............
.............
............
...........#
...........#
...........#
...........#
...<..)@...##
#.....o.....#
###.........##
##...........#
....>........###
.##............##
##............##
####.............##
#..##.............##


You could see an orc (extremely poisoned).

Vanquished Creatures
  A gnoll sergeant (D:7)
  3 wights (D:7)
  A jelly (D:7)
  2 orc priests
  A gnoll bouda (D:5)
  A sleepcap (D:7)
  2 iguanas
  3 orc wizards
  10 gnolls
  5 adders
  An ufetubus (D:4)
  2 worms
  2 dart slugs
  16 orcs
  7 endoplasms
  4 goblins
  5 hobgoblins
  6 jackals (D:1)
  5 quokkas
  3 ball pythons
  6 bats
  5 frilled lizards
  5 kobolds
  5 rats
101 creatures vanquished.

Notes
Turn   | Place    | Note
-------+----------+-------------------------------------------
     0 | D:1      | Ge0ff the Naga Fighter began the quest for the Orb.
     0 | D:1      | Reached XP level 1. HP: 21/21 MP: 1/1
   170 | D:1      | Reached XP level 2. HP: 17/28 MP: 2/2
   183 | D:1      | Reached skill level 1 in Dodging
   640 | D:1      | Reached skill level 3 in Short Blades
   640 | D:1      | Reached XP level 3. HP: 34/34 MP: 3/3
   857 | D:2      | Learned a level 2 spell: Passwall
  1199 | D:2      | Reached skill level 4 in Short Blades
  1199 | D:2      | Reached XP level 4. HP: 41/42 MP: 4/4
  1775 | D:3      | Reached XP level 5. HP: 31/49 MP: 4/6
  2087 | D:4      | Reached skill level 1 in Earth Magic
  2096 | D:4      | Reached skill level 1 in Transmutations
  2225 | D:4      | Reached skill level 1 in Spellcasting
  2348 | D:4      | Reached skill level 5 in Short Blades
  2551 | D:4      | Found a staircase to the Ecumenical Temple.
  2561 | D:4      | Reached XP level 6. HP: 23/56 MP: 7/7
  2567 | Temple   | Entered the Ecumenical Temple
  2581 | Temple   | Became a worshipper of Uskayaw the Reveller
  3131 | D:4      | Reached * piety under Uskayaw
  3227 | D:4      | You fall into a shaft and drop 3 floors!
  3299 | D:7      | Reached ** piety under Uskayaw
  3300 | D:7      | Reached skill level 1 in Invocations
  3307 | D:7      | Reached skill level 1 in Evocations
  3341 | D:7      | Reached *** piety under Uskayaw
  3342 | D:7      | Reached XP level 7. HP: 20/62 MP: 8/8
  3346 | D:7      | Reached skill level 6 in Short Blades
  3649 | D:7      | Noticed Maggie
  3797 | D:6      | Found a glowing golden altar of the Shining One.
  3817 | D:5      | Entered Level 5 of the Dungeon
  4019 | D:5      | HP: 2/62 [orc/+1 hand axe of electrocution (3)]
  4019 | D:5      | Mangled by an orc

Illustrated notes

Levels and vault maps discovered:
D:1:      amcnicky_arrival_underground_garden, layout_loops_cross
D:2:      layout_basic, serial_glass, glass_columns_b, glass_columns_a,
          glass_columns_b, due_unseen_surprise, item_on_display_a,
          minmay_strange_pillars, minmay_box_of_dots
D:3:      layout_loops_ring
D:4:      layout_basic, grunt_temple_overflow_gold_and_silver,
          grunt_temple_overflow_open, minmay_temple_entry_proselytizer,
          minmay_misc_feat_diagonals, small_statue_intersection, kennysheep_nub,
          minmay_bent
D:5:      layout_cave_pods, nicolae_overflow_crystal_walls,
          nicolae_ossuary_entry_monument
D:6:      layout_rooms, mainiacjoe_overflow_tiny_flanked,
          yredelemnul_altar_generic, mainiacjoe_overflow_small_starburst,
          chequers_serial_rivers_small_3
D:7:      layout_basic, minmay_misc_feat_plants, grunt_ministairs_12,
          uniq_duvessa, uniq_maggie
Temple:   nicolae_temple_bog_church

Skill      XL: |  1  2  3  4  5  6  7 |
---------------+----------------------+-----
Dodging        | 1 |  1.0
Short Blades   | 3 4 5 6 |  6.4
Earth Magic    | 1 |  1.0
Transmutations | 1 |  1.0
Spellcasting   | 1 |  1.0
Armour         | 3 |  3.0
Invocations    | 1 2 |  2.0
Evocations     | 1 3 |  3.0
Fighting       | |  3.5
Shields        | |  2.6

Action                     |  1- 3 |  4- 6 |  7- 9 || total
---------------------------+-------+-------+-------++-------
  Melee: Short sword       |   113 |   160 |    94 ||   367
         Rapier            |     2 |       |       ||     2
   Cast: Passwall          |       |     4 |     1 ||     5
 Invoke: Line Pass         |       |       |     2 ||     2
Ability: Spit Poison       |    12 |    21 |     4 ||    37
  Evoke: Wand              |       |     3 |     1 ||     4
    Use: Potion            |       |     1 |       ||     1
         Scroll            |       |     6 |     2 ||     8
   Stab: Paralysed         |       |       |     1 ||     1
 Armour: Scale mail        |     6 |       |       ||     6
         Chain mail        |    34 |    48 |    24 ||   106
  Dodge: Dodged            |    18 |    50 |    33 ||   101
  Block: Buckler           |    14 |    31 |    11 ||    56

Table legend: (Time is in decaauts)
 A = Elapsed time spent in this place.
 B = Non-inter-level travel time spent in this place.
 C = Inter-level travel time spent in this place.
 D = Time resting spent in this place.
 E = Time spent auto-exploring this place.
 F = Levels seen in this place.
 G = Mean time per level.
                   A        B        C        D        E       F      G
               +--------+--------+--------+--------+--------+-----+--------+
         Total |   4919 |   4363 |    556 |    237 |   2806 |   8 |  614.9 |
       Dungeon |   4886 |   4343 |    543 |    237 |   2806 |   7 |  698.0 |
        Temple |     32 |     20 |     12 |      0 |      0 |   1 |   32.0 |
               +--------+--------+--------+--------+--------+-----+--------+

Top non-repeatable levels by time:
     D:1: 1158 daAuts
     D:2: 1118 daAuts
     D:3: 916 daAuts
     D:4: 808 daAuts
     D:7: 470 daAuts
     D:5: 240 daAuts
     D:6: 176 daAuts
  Temple: 32 daAuts
